 Dungeon Crawl Stone Soup version 0.31-a0-221-gbddc013574 (webtiles) character file.

Game seed: 10142823264541743994

130 qw the Shooter (level 5, -3/30 HPs)
             Began as a Gargoyle Hexslinger on July 4, 2023.
             Slain by a gnoll
             ... wielding a +0 flail
              (4 damage)
             ... on level 3 of the Dungeon.
             The game lasted 00:00:49 (2051 turns).

qw the Shooter (Gargoyle Hexslinger)                Turns: 2051, Time: 00:00:49

Health: -3/30      AC:  9    Str: 11    XL:     5   Next: 13%
Magic:  6/6        EV: 10    Int: 14    God:
Gold:   135        SH:  0    Dex: 14    Spells: 5/6 levels left

rFire   . . .        Y - +1 sling
rCold   . . .        (no shield)
rNeg    + . .        f - +0 ring mail
rPois   inf          (no helmet)
rElec   +            (no cloak)
rCorr   .            (no gloves)
SInv    .            (no boots)
Will    .....        (no amulet)
Stlth   +            (no ring)
HPRegen 0.25/turn    (no ring)
MPRegen 0.10/turn

%: no passive effects
@: no status effects
A: sickness immunity, AC +4, negative energy resistance 1, electricity
resistance, torment resistance 1, petrification resistance
a: no special abilities


You were on level 3 of the Dungeon.
You visited 1 branch of the dungeon, and saw 3 of its levels.

You collected 135 gold pieces.


Innate Abilities, Weirdness & Mutations

You are immune to sickness and miasma.
Your stone body is resilient. (AC +4)
You are immune to poison.
You resist negative energy. (rN+)
You are resistant to electric shocks. (rElec)
You are resistant to unholy torment.
You are immune to petrification.


   Skills:
 - Level 2.0 Fighting
 + Level 4.7 Ranged Weapons
 - Level 1.0 Armour
 - Level 1.5 Dodging
 - Level 1.0 Spellcasting
 - Level 2.6 Hexes


You had 5 spell levels left.
You knew the following spells:

 Your Spells              Type           Power      Damage    Failure   Level
a - Slow                  Hex            32%        N/A       21%         1

Your spell library contained the following spells:

 Spells                   Type           Power      Damage    Failure   Level
 Inner Flame              Hex/Fire       4%         N/A       71%         3
 Portal Projectile        Hex/Tloc       8%         N/A       71%         3
 Cause Fear               Hex            4%         N/A       90%         4

Inventory:

Hand Weapons
 Y - a +1 sling (weapon)
Armour
 f - a +0 ring mail (worn)
Scrolls
 a - a scroll of identify
 e - a scroll of teleportation {unknown}
Potions
 b - 2 potions of haste
 c - a potion of curing {unknown}
 d - a potion of invisibility {unknown}
 g - a potion of cancellation {unknown}
 h - a potion of brilliance {unknown}

Dungeon Overview and Level Annotations

Branches:
Dungeon (3/15)

Altars:
The Shining One


Message History

The gnoll shouts!
The adder bites you.
You shoot a sling bullet.
The sling bullet completely misses the adder.
The sling bullet hits the gnoll.
The gnoll is moderately wounded.
The adder closely misses you. The adder barely misses you.
You shoot a sling bullet. The sling bullet hits the adder.
The adder is almost dead.
The adder closely misses you. The adder bites you.
You shoot a sling bullet.
The sling bullet closely misses the adder.
The sling bullet hits the gnoll.
The gnoll is moderately wounded.
The adder barely misses you. The gnoll hits you with a +0 club.
The adder bites you. The gnoll closely misses you.
You shoot a sling bullet. The sling bullet hits the adder.
You kill the adder!
The gnoll closely misses you. The gnoll hits you with a +0 club.
The gnoll barely misses you.
You have reached level 5!
You shoot a sling bullet. The sling bullet hits the gnoll.
The gnoll is heavily wounded.
The gnoll hits you with a +0 club. x2; The gnoll misses you.
You shoot a sling bullet.
The sling bullet barely misses the gnoll.
The gnoll hits you with a +0 club. The gnoll barely misses you.
The gnoll hits you but does no damage.
You shoot a sling bullet. The sling bullet hits the gnoll!
You kill the gnoll!
The gnoll misses you. The gnoll closely misses you.
The gnoll hits you but does no damage. x2
You shoot a sling bullet.
The sling bullet hits the gnoll but does no damage.
The gnoll is lightly wounded.
The gnoll completely misses you. The gnoll hits you with a +0 club!
You shoot a sling bullet.
The sling bullet closely misses the gnoll.
The gnoll hits you with a +0 flail.
You die...

...#............#
.....##########.# #..###
## ..<# #############
...# #.PP.PP.....# #
#..#################.###
#.......................
................)g.(....
................@....)..
###############..g......
# #...#####. # #...# # #
# #...# ##.# #.### .#P#
... ##.# ##. # # .


You could see 2 gnolls.

Vanquished Creatures
  Jessica (D:2)
  A gnoll (D:3)
  2 adders
  3 worms (D:3)
  6 orcs
  7 ball pythons
  8 endoplasms
  A giant cockroach (D:1)
  4 goblins
  2 hobgoblins
  5 jackals
  2 quokkas
  3 bats
  4 frilled lizards
  6 kobolds
  3 rats
58 creatures vanquished.

Notes
Turn   | Place    | Note
-------+----------+-------------------------------------------
     0 | D:1      | qw the Gargoyle Hexslinger began the quest for the Orb.
     0 | D:1      | Reached XP level 1. HP: 12/12 MP: 2/2
     0 | D:1      | 0 ||| qw: Version: 0.3-a-41-g9d075ac
     0 | D:1      | 0 ||| qw: Game counter: 768
     0 | D:1      | 0 ||| qw: Melee chars always use a shield: true
     0 | D:1      | 0 ||| qw: God list: Okawaru
     0 | D:1      | 0 ||| qw: Allow faded altars: false
     0 | D:1      | 0 ||| qw: Do Orc after clearing Dungeon:15 true
     0 | D:1      | 0 ||| qw: Do second Lair branch before Depths: true
     0 | D:1      | 0 ||| qw: Lair rune preference: random
     0 | D:1      | 0 ||| qw: Goals: Normal
     0 | D:1      | 0 ||| PLANNING D:1-11
    68 | D:1      | Reached XP level 2. HP: 6/16 MP: 3/3
   335 | D:1      | Reached skill level 3 in Ranged Weapons
   499 | D:1      | 499 ||| UPGRADING to +0 ring mail.
   509 | D:1      | 509 ||| DROPPING +0 robe.
   510 | D:1      | 510 ||| READING scroll labelled MOPHYUN UQIDGH.
   511 | D:1      | 511 ||| READING scroll labelled PUFAUPR MIOPT.
   512 | D:1      | 512 ||| READING scroll labelled YXZIAJAHOU.
   523 | D:1      | 523 ||| DROPPING scroll of poison.
   633 | D:2      | Reached XP level 3. HP: 13/21 MP: 4/4
   787 | D:2      | Noticed Jessica
   792 | D:2      | Killed Jessica
   817 | D:2      | Found a glowing golden altar of the Shining One.
   933 | D:2      | Reached XP level 4. HP: 26/26 MP: 5/5
  1160 | D:2      | Reached skill level 4 in Ranged Weapons
  1579 | D:2      | 1579 ||| READING scroll labelled GEPRUPR PUZUMM.
  1580 | D:2      | 1580 ||| READING scroll labelled QAFIGO YHEI.
  1581 | D:2      | 1581 ||| DRINKING 3 fizzy red potions.
  1656 | D:3      | Reached skill level 1 in Armour
  1674 | D:3      | 1674 ||| FLEEEEING.
  1675 | D:3      | 1675 ||| STAIRDANCE
  1741 | D:3      | 1741 ||| Stepping ~*~*~tactically~*~*~ (outnumbered).
  1948 | D:3      | Found a faded altar of an unknown god.
  2047 | D:3      | Reached XP level 5. HP: 17/30 MP: 6/6
  2050 | D:3      | HP: 1/30 [gnoll/+0 club (8)]
  2051 | D:3      | Slain by a gnoll

Levels and vault maps discovered:
D:1:      saegor_arrival_simple_b, layout_basic, chequers_serial_rivers_micro_b,
          dreamdust_mushroom_princess
D:2:      layout_basic, basic_altar, uniq_jessica
D:3:      layout_rooms, nemelex_spade_bored_becter,
          shapermc_ecumenical_altar_flowoftime, gammafunk_ghost_nasty_kobolds,
          serial_aquarium, aquarium_bridge_square [aquarium_subvault_bridge,
          aquarium_subvault_window, aquarium_subvault_wall,
          aquarium_subvault_wall], aquarium_bridge_island_small
          [aquarium_subvault_small_water, aquarium_subvault_wall,
          aquarium_subvault_bridge, aquarium_subvault_bridge,
          aquarium_subvault_bridge], aquarium_window_corner, aquarium_window_3,
          aquarium_view_2d, aquarium_view_2e, aquarium_balcony_double_3

Skill      XL: |  1  2  3  4 |
---------------+-------------+-----
Ranged Weapons | 3 4 |  4.7
Fighting       | 2 |  2.0
Armour         | 1 |  1.0
Dodging        | |  1.5
Spellcasting   | |  1.0
Hexes          | |  2.6

Action                     |  1- 3 |  4- 6 || total
---------------------------+-------+-------++-------
   Fire: Sling             |    87 |   124 ||   211
    Use: Scroll            |     3 |     2 ||     5
         Potion            |       |     1 ||     1
 Armour: Robe              |     5 |       ||     5
         Ring mail         |    31 |    48 ||    79
  Dodge: Dodged            |    44 |    69 ||   113

Table legend:
 A = Non-vault XP
 B = Vault XP
 C = Vault XP percentage of total XP
 D = Non-vault monster count
 E = Vault monster count
 F = Vault count percentage of total count
                 A         B        C        D         E       F
            +---------+---------+-------+---------+---------+-------
      Total |     149 |      37 |  19.9 |      57 |       1 |   1.7
            +---------+---------+-------+---------+---------+-------
        D:1 |      24 |       0 |   0.0 |      15 |       0 |   0.0
        D:2 |      48 |      37 |  43.5 |      21 |       1 |   4.5
        D:3 |      77 |       0 |   0.0 |      21 |       0 |   0.0
            +---------+---------+-------+---------+---------+-------
